 Dungeon Crawl Stone Soup version 0.30.1-11-g7821555f0a (webtiles) character file.

Game seed: 1938118974878209060

217 Nonny the Sneak (level 5, -1/38 HPs)
             Began as a Merfolk Brigand on Dec 2, 2023.
             Succumbed to an orc's poison
             ... on level 3 of the Dungeon.
             The game lasted 00:10:12 (2104 turns).

Nonny the Sneak (Merfolk Brigand)                   Turns: 2104, Time: 00:10:13

Health: -1/38      AC:  3    Str: 12    XL:     5   Next: 94%
Magic:  5/5        EV: 14    Int: 10    God:
Gold:   93         SH:  0    Dex: 17    Spells: 4/4 levels left

rFire   . . .        a - +2 dagger
rCold   . . .        (no shield)
rNeg    . . .        b - +0 robe
rPois   .            (no helmet)
rElec   .            c - +0 cloak
rCorr   +            (no gloves)
SInv    .            (no boots)
Will    .....        (no amulet)
Stlth   +++          g - ring of resist corrosion
HPRegen 0.26/turn    (no ring)
MPRegen 0.09/turn

%: no passive effects
@: lethally poisoned (-1 -> -6)
A: (nimble swimmer 2), mertail
a: no special abilities


You were on level 3 of the Dungeon.
You visited 1 branch of the dungeon, and saw 3 of its levels.

You collected 93 gold pieces.

Inventory:

Hand Weapons
 a - a +2 dagger (weapon)
Missiles
 d - 15 poisoned darts (quivered)
 f - 34 stones
 u - 2 curare-tipped darts
Armour
 b - a +0 robe (worn)
 c - a +0 cloak (worn)
Jewellery
 g - a ring of resist corrosion (left hand)
Wands
 e - a wand of quicksilver (7)
Scrolls
 h - a scroll of identify
 i - a scroll of butterflies {unknown}
 l - a scroll of teleportation {unknown}
 n - a scroll of magic mapping {unknown}
 p - a scroll of enchant weapon {unknown}
 q - a scroll of fog {unknown}
 s - a scroll of immolation {unknown}
 t - a scroll of brand weapon {unknown}
Potions
 j - a potion of lignification
 k - a potion of curing
 m - a potion of attraction {unknown}
 o - a potion of degeneration {unknown}
 r - a potion of heal wounds {unknown}


   Skills:
 - Level 2.1 Fighting
 + Level 4.8 Short Blades
 - Level 2.0 Throwing
 + Level 3.9 Dodging
 - Level 6.0 Stealth


You had 4 spell levels left.
You didn't know any spells.
Your spell library was empty.

Dungeon Overview and Level Annotations

Branches:
Dungeon (3/15)

Altars:

Annotations:
D:2 digging wand vault


Innate Abilities, Weirdness & Mutations

((You are very nimble when in or above water. (Stealth+, EV+, Speed+++)))
Your lower body shifts to a powerful aquatic tail in water.


Message History

The orc hits you with a +2 short sword of venom!
* * * LOW HITPOINT WARNING * * *
You are more poisoned.
You completely miss the orc.
* * * LOW HITPOINT WARNING * * *
You feel very sick. The orc misses you.
Unknown command.
Really quaff the potion of lignification?
Okay, then.
You feel better.
The orc hits you with a +2 short sword of venom.
* * * LOW HITPOINT WARNING * * *
You are lethally poisoned!
Unknown command.
You hit the orc.
The orc is severely wounded.
* * * LOW HITPOINT WARNING * * *
You feel very sick. The orc misses you.
Unknown command.
You hit the orc but do no damage.
The orc is severely wounded.
* * * LOW HITPOINT WARNING * * *
You feel sick. The orc closely misses you.
You hit the orc but do no damage.
The orc is severely wounded.
* * * LOW HITPOINT WARNING * * *
You feel sick.
Unknown command.
You hit the orc.
The orc is almost dead.
* * * LOW HITPOINT WARNING * * *
You feel sick.
An orc comes into view. It is wielding a +0 club.
The orc barely misses you.
The orc shouts!
You hit the orc but do no damage.
The orc is almost dead.
You die...

#####
#<..#+#.#
#)(....>#
#†##....# #@#
....#
#o##....#
#o†.....#
#..o..#.....#
#....##.....#
#.... $...#
#..o. #+#.#
#$... . #.(..


You could see 3 orcs.

Vanquished Creatures
  Ijyb (D:3)
  Natasha (thrice) (D:2)
  2 adders (D:2)
  4 gnolls (D:2)
  A worm (D:2)
  2 dart slugs (D:1)
  2 orcs (D:3)
  6 bats
  3 giant cockroaches (D:1)
  2 goblins
  3 hobgoblins
  6 jackals
  3 quokkas
  6 ball pythons
  2 frilled lizards
  7 kobolds
  7 rats
60 creatures vanquished.

Notes
Turn   | Place    | Note
-------+----------+-------------------------------------------
     0 | D:1      | Nonny the Merfolk Brigand began the quest for the Orb.
     0 | D:1      | Reached XP level 1. HP: 16/16 MP: 1/1
   143 | D:1      | Reached XP level 2. HP: 22/22 MP: 2/2
   147 | D:1      | staff of earth west of starting vault
   184 | D:1      | Reached skill level 5 in Stealth
   384 | D:1      | Reached XP level 3. HP: 27/27 MP: 3/3
   397 | D:1      | +2 whip of venom in the north
   772 | D:2      | Noticed Natasha
   856 | D:2      | Reached XP level 4. HP: 33/33 MP: 4/4
  1005 | D:2      | Reached skill level 6 in Stealth
  1505 | D:2      | Killed Natasha
  1506 | D:2      | Reached XP level 5. HP: 38/38 MP: 5/5
  1557 | D:2      | Noticed Natasha
  1564 | D:2      | Killed Natasha
  1861 | D:2      | Noticed Natasha
  1866 | D:2      | Killed Natasha
  1907 | D:3      | Noticed Ijyb
  2048 | D:3      | Killed Ijyb
  2051 | D:3      | PLUS NINE CLUB ON IJYB! THAT'S +9!!!
  2098 | D:3      | HP: 1/38 [poisoned by an orc]
  2103 | D:3      | HP: 1/38 [poisoned by an orc]
  2104 | D:3      | Succumbed to an orc's poison

Illustrated notes #........# ##.#### ###. #........###### #....#####... #...........$.# ####..##..... #####.........# ##.......~ .............# #####..P. .............# ###..P. .............# ##...~.. .............# #††..~.. ...........@.# #~#..... ####.........# #.#..P.. #.........# ##~....~ #.........# ##~.~.... #.......).# #.~P..... ########### #.~.P...P ##~~~.... #.~~P.PP~ #≈~#..... Turn 147 on D:1: staff of earth west of starting vault

#.....### #.#
........###'##########
........#.............
........#....#†....##
.............#.....+
.............#.†...## #
######.......#......#.#
#.##....#.†......#
#.......'..@...###
#..#....#........#
######..#....#..).....#
........#....##.......#
######..#######.......#
######....#####.......#
.....)................+
#####.................#
#####.................#


Turn 397 on D:1: +2 whip of venom in the north ##### #<..#+#.# #@.....>#
#†##....# #)# ....# #(# ....# #.†.....# ..#.....# ..##.....# ... $...# ....
#+#.# Turn 2051 on D:3: PLUS NINE CLUB ON IJYB! THAT'S +9!!!

Levels and vault maps discovered:
D:1:      lemuel_arrival_muddy, layout_basic
D:2:      layout_loops_ring, due_unseen_surprise, uniq_natasha
D:3:      layout_basic, grunt_temple_overflow_forces_of_nature,
          basic_ecumenical_altar, dk_vineyard_2, uniq_robin, uniq_grinder,
          uniq_ijyb

Skill      XL: |  1  2  3  4 |
---------------+-------------+-----
Stealth        | 5 6 |  6.0
Dodging        | 2 3 |  3.9
Short Blades   | 4 |  4.8
Fighting       | |  2.1
Throwing       | |  2.0

Action                     |  1- 3 |  4- 6 || total
---------------------------+-------+-------++-------
  Melee: Dagger            |   104 |    64 ||   168
         Tailslap          |     2 |       ||     2
  Throw: Dart              |     1 |    24 ||    25
         Stone             |       |     1 ||     1
    Use: Scroll            |       |     2 ||     2
         Potion            |       |     2 ||     2
   Stab: Sleeping          |    15 |     2 ||    17
 Armour: Robe              |    32 |     5 ||    37
  Dodge: Dodged            |    75 |    42 ||   117
